 Dungeon Crawl Stone Soup version 0.31-a0-233-g139696dc86 (webtiles) character file.

Game seed: 11027206457264973808

785 Essalna the Ruffian (level 7, -9/60 HPs)
             Began as a Red Draconian Transmuter on July 9, 2023.
             Was an Initiate of the Shining One.
             Mangled by a gnoll sergeant
             ... wielding a +1 spear of freezing
              (11 damage)
             ... on level 5 of the Dungeon.
             The game lasted 00:09:06 (5002 turns).

Essalna the Ruffian (Red Draconian Transmuter)      Turns: 5002, Time: 00:09:07

Health: -9/60      AC:  7    Str: 12    XL:     7   Next: 56%
Magic:  19/19      EV: 12    Int: 16    God:    the Shining One [......]
Gold:   189        SH:  0    Dex: 11    Spells: 5/10 levels left

rFire   + .          .
                       - Unarmed
rCold   . . .        (no shield)
rNeg    . . .        (body armour unavailable)
rPois   .            (helmet restricted)
rElec   .            (no cloak)
rCorr   .            b - +0 pair of gloves
SInv    .            (no boots)
Will    .....        (no amulet)
Stlth   +            c - ring of magical power
HPRegen 0.30/turn    (no ring)
MPRegen 0.16/turn

%: no passive effects
@: about to teleport, slowed, glowing, very slow
A: breathe fire, AC +6, unfitting armour, fire resistance 1, cold-blooded
a: Breathe Fire, Renounce Religion


You were on level 5 of the Dungeon.
You worshipped the Shining One.
The Shining One was noncommittal.
You visited 1 branch of the dungeon, and saw 5 of its levels.

You collected 189 gold pieces.

Inventory:

Missiles
 k - 2 throwing nets
Armour
 b - a +0 pair of gloves (worn)
Jewellery
 c - a ring of magical power (left hand)
 n - a ring of magical power
Scrolls
 d - a scroll of vulnerability {unknown}
 e - 3 scrolls of identify
 i - a scroll of teleportation
Potions
 a - a potion of lignification
 f - a potion of ambrosia {unknown}
 g - 2 potions of curing
 h - a potion of enlightenment {unknown}
 j - 2 potions of mutation {unknown}
 l - a potion of brilliance {unknown}
 m - a potion of invisibility {unknown}


   Skills:
 + Level 4.8 Fighting
 - Level 1.7 Dodging
 + Level 5.3 Unarmed Combat
 - Level 2.0 Spellcasting
 + Level 4.7 Transmutations
 + Level 2.7 Ice Magic


You had 5 spell levels left.
You knew the following spells:

 Your Spells              Type           Power      Damage    Failure   Level
a - Beastly Appendage     Tmut           32%        N/A       3%          1
b - Ice Form              Ice/Tmut       13%        N/A       41%         4

Your spell library contained the following spells:

 Spells                   Type           Power      Damage    Failure   Level
 Wereblood                Tmut           16%        N/A       4%          2
 Slow                     Hex            4%         N/A       21%         1
 Spider Form              Tmut/Pois      9%         N/A       24%         3
 Confusing Touch          Hex            1%         N/A       52%         3
 Stone Arrow              Conj/Erth      2%         3d7       52%         3
 Vampiric Draining        Necr           1%         2d6       52%         3
 Lehudib's Crystal Spear  Conj/Erth      0%         10d2      100%        8
 Animate Armour           Summ/Erth      Unusable   N/A       N/A         4

Dungeon Overview and Level Annotations

Branches:
Dungeon (5/15)
 Temple: D:4-7

Altars:
Makhleb
The Shining One

Shops:
D:3 (


Innate Abilities, Weirdness & Mutations

You can breathe blasts of fire.
Your fiery red scales are hard. (AC +6)
You cannot fit into any form of body armour.
Your flesh is heat resistant. (rF+)
You are cold-blooded and may be slowed by cold attacks.


Message History

The gnoll sergeant hits you with a +1 spear of freezing.
You feel yourself slow down. The gnoll sergeant freezes you.
You hit the gnoll sergeant but do no damage.
The gnoll sergeant is heavily wounded.
The gnoll hits you from afar with a +0 halberd!
The gnoll sergeant completely misses you.
You are too injured to fight recklessly!
You are too injured to fight recklessly!
You are too injured to fight recklessly!
You barely miss the gnoll sergeant. The gnoll sergeant blocks your attack.
The gnoll sergeant is heavily wounded.
You feel yourself speed up.
The gnoll sergeant hits you with a +1 spear of freezing!
The gnoll sergeant freezes you. The gnoll barely misses you.
The gnoll sergeant hits you with a +1 spear of freezing.
The gnoll sergeant freezes you.
The gnoll hits you from afar with a +0 halberd.
You hit the gnoll sergeant.
You tail-slap the gnoll sergeant, but do no damage.
The gnoll sergeant is heavily wounded.
You barely miss the gnoll sergeant. The gnoll sergeant blocks your attack.
The gnoll sergeant is heavily wounded.
The gnoll sergeant closely misses you. The gnoll barely misses you.
You hit the gnoll sergeant.
The gnoll sergeant is severely wounded.
The gnoll sergeant closely misses you. The gnoll hits you but does no damage.
Okay, then.
As you read the scroll of teleportation, it crumbles to dust.
You feel strangely unstable.
The gnoll sergeant hits you with a +1 spear of freezing!
* * * LOW HITPOINT WARNING * * *
You feel yourself slow down. The gnoll sergeant freezes you.
* * * LOW HITPOINT WARNING * * *
The gnoll closely misses you.
The gnoll sergeant hits you from afar with a +1 spear of freezing!
* * * LOW HITPOINT WARNING * * *
The gnoll sergeant freezes you.
* * * LOW HITPOINT WARNING * * *
The gnoll sergeant hits you from afar with a +1 spear of freezing!
You die...

#.....##
####.#
##...## #.#
##'## #.#
#.# #)#
#.#######
#.#
##.......#
#.#
##...####.#
#.# #.....#
#.# ##.).##
#.######@#
##.##
....ggg..#
#.#
#.########
... #...
#.### #.#
.#


You could see a gnoll sergeant and 2 gnolls.

Vanquished Creatures
  Edmund (D:4)
  A water moccasin (D:3)
  Blork the orc (D:4)
  A scorpion (D:3)
  A crimson imp (D:3)
  A jelly (D:4)
  An orc priest (D:3)
  Terence (D:2)
  An iguana (D:5)
  An orc wizard (D:3)
  8 gnolls
  7 adders
  A white imp (D:5)
  2 worms (D:2)
  A dart slug (D:1)
  10 orcs
  7 bats
  4 endoplasms (D:1)
  3 giant cockroaches
  3 goblins
  10 hobgoblins
  6 jackals
  7 kobolds
  3 quokkas (D:1)
  6 ball pythons
  3 frilled lizards
  A goblin skeleton (D:3)
  A goblin zombie (D:3)
  A kobold skeleton (D:3)
  2 orc skeletons (D:3)
  2 orc zombies (D:3)
  9 rats
107 creatures vanquished.

Notes
Turn   | Place    | Note
-------+----------+-------------------------------------------
     0 | D:1      | Essalna the Draconian Transmuter began the quest for the
                  | Orb.
     0 | D:1      | Reached XP level 1. HP: 16/16 MP: 3/3
   233 | D:1      | Reached XP level 2. HP: 23/23 MP: 1/5
   808 | D:1      | Reached XP level 3. HP: 29/29 MP: 6/6
  1281 | D:2      | Noticed Terence
  1291 | D:2      | Killed Terence
  1292 | D:2      | Reached XP level 4. HP: 34/37 MP: 7/7
  1297 | D:2      | Learned a level 4 spell: Ice Form
  2131 | D:2      | Found a faded altar of an unknown god.
  2152 | D:3      | Noticed a scorpion
  2157 | D:3      | Killed a scorpion
  2158 | D:3      | Reached skill level 4 in Unarmed Combat
  2158 | D:3      | Reached skill level 1 in Ice Magic
  2158 | D:3      | Reached XP level 5. HP: 38/45 MP: 8/8
  2236 | D:3      | Identified the +0 ring mail of Fushrext {rC+}
  2512 | D:3      | Found a glowing golden altar of the Shining One.
  2531 | D:3      | Reached XP level 6. HP: 50/52 MP: 9/9
  2568 | D:3      | Became a worshipper of the Shining One
  2883 | D:3      | Found a burning altar of Makhleb.
  2908 | D:3      | Found Gidyopid's Antique Weapon Shop.
  3148 | D:4      | Noticed Blork the orc
  3164 | D:4      | Killed Blork the orc
  3790 | D:4      | Noticed Edmund
  3797 | D:4      | Killed Edmund
  3798 | D:4      | Your scales start taking on a fiery red colour.
  3798 | D:4      | Reached XP level 7. HP: 51/60 MP: 10/10
  3798 | D:4      | Gained mutation: Your flesh is heat resistant. (rF+) [Red
                  | Draconian growth]
  3883 | D:4      | Reached skill level 5 in Unarmed Combat
  4715 | D:5      | Entered Level 5 of the Dungeon
  5002 | D:5      | HP: 3/60 [gnoll sergeant/+1 spear of freezing (9)]
  5002 | D:5      | Mangled by a gnoll sergeant

Illustrated notes

Levels and vault maps discovered:
D:1:      minmay_arrival_split_and_join, layout_basic
D:2:      layout_loops_corners, shapermc_ecumenical_altar_hornbeckon,
          minmay_misc_feat_hallway, uniq_terence
D:3:      layout_basic, nicolae_tso_besieged_by_evil, general_overflow_altar,
          serial_shops, nicolae_shop_gibbet_a_chance, reono_crystal_passage,
          nicolae_the_louvre
D:4:      layout_basic, uniq_edmund, uniq_blork_the_orc
D:5:      layout_loops_corners, kennysheep_mini

Skill      XL: |  1  2  3  4  5  6  7 |
---------------+----------------------+-----
Fighting       | 2 3 4 |  4.8
Transmutations | 3 4 |  4.7
Unarmed Combat | 4 5 |  5.3
Ice Magic      | 1 2 |  2.7
Dodging        | |  1.7
Spellcasting   | |  2.0

Action                     |  1- 3 |  4- 6 |  7- 9 || total
---------------------------+-------+-------+-------++-------
  Melee: Unarmed           |    93 |   161 |   100 ||   354
         Kick              |     9 |    41 |    29 ||    79
         Tailslap          |     4 |    24 |    16 ||    44
         Headbutt          |    10 |    25 |    10 ||    45
         Punch             |     3 |     1 |     5 ||     9
   Cast: Beastly Appendage |    30 |    46 |    16 ||    92
Ability: Breathe Fire      |       |       |     1 ||     1
    Use: Scroll            |     4 |     3 |     4 ||    11
         Potion            |       |     3 |     3 ||     6
   Stab: Sleeping          |       |     2 |       ||     2
 Armour: Skin              |    38 |    55 |    26 ||   119
  Dodge: Dodged            |    45 |   111 |    57 ||   213

Table legend: (Time is in decaauts)
 A = Elapsed time spent in this place.
 B = Non-inter-level travel time spent in this place.
 C = Inter-level travel time spent in this place.
 D = Time resting spent in this place.
 E = Time spent auto-exploring this place.
 F = Levels seen in this place.
 G = Mean time per level.
                   A        B        C        D        E       F      G
               +--------+--------+--------+--------+--------+-----+--------+
         Total |   4981 |   4882 |     99 |    447 |   3543 |   5 |  996.2 |
       Dungeon |   4981 |   4882 |     99 |    447 |   3543 |   5 |  996.2 |
               +--------+--------+--------+--------+--------+-----+--------+

Top non-repeatable levels by time:
     D:3: 1588 daAuts
     D:2: 1116 daAuts
     D:1: 1064 daAuts
     D:4: 928 daAuts
     D:5: 283 daAuts
